AoeStats
← Simon Stokvis

MegaRandom

506151352Analyzed
4v4 RM · 19d ago on Sep 12, 2026· 33m 16s· 8 players
Game mode
Random Map
Map size
Large (8 player)
Population
200
Speed
Normal
Resources
Standard
Victory
Conquest
Starting age
Dark Age
Ending age
Imperial Age
RankedLock teamsTeams togetherTeam positionsShared explorationLock speedFull tech treeHidden civsTurbo modeCheats
Victory
Defeat
🇨🇳 Turks · China
1626
+14
🇨🇳 Romans · China
1622
+14
🇨🇳 Spanish · China
1586
+16
🇦🇷 Magyars · Argentina
1500
+19
🇩🇪 Lithuanians · Germany
1610
-17
🇩🇪 Goths · Germany
1603
-17
🇨🇳 Saracens · China
1587
-16
🇳🇱 Maya · Netherlands
1519
-13
Houraisan Kaguya
2:31 Loom
10:43 Feudal Age
11:23 Double-Bit Axe
12:40 Horse Collar
15:28 Town Watch
20:47 Castle Age
19:30 Gold Mining
20:52 Wheelbarrow
20:39 Bloodlines
21:46 Wheelbarrow
28:22 Padded Archer Armor
31:16 Husbandry
33:42 Hand Cart
巨大豚
3:04 Loom
13:22 Feudal Age
14:20 Double-Bit Axe
18:55 Castle Age
17:21 Horse Collar
19:54 Bow Saw
25:57 Wheelbarrow
25:08 Town Watch
26:47 Man-at-Arms
27:58 Sanctity
27:38 Fletching
27:36 Long Swordsman
30:46 Hand Cart
Coriandrum sativum
7:32 Loom
10:06 Feudal Age
10:48 Double-Bit Axe
14:13 Horse Collar
16:02 Wheelbarrow
19:58 Castle Age
19:16 Gold Mining
21:02 Bow Saw
21:30 Gold Shaft Mining
26:40 Light Cavalry
29:01 Scale Barding Armor
31:53 Heavy Plow
35:01 Imperial Age
33:22 Hand Cart
YiTiaoQu
8:17 Loom
10:34 Feudal Age
19:29 Fletching
23:09 Castle Age
22:37 Padded Archer Armor
24:04 Bodkin Arrow
23:31 Crossbowman
28:51 Scale Barding Armor
31:12 Wheelbarrow
32:27 Chain Barding Armor
Simon Stokvis
10:41 Feudal Age
15:57 Castle Age
13:48 Double-Bit Axe
17:45 Bow Saw
19:33 Loom
19:34 Town Watch
24:23 Scale Mail Armor
24:26 Eagle Warrior
25:39 Chain Mail Armor
25:58 Squires
27:13 Forging
28:30 Iron Casting
27:55 Padded Archer Armor
27:49 Fletching
30:59 Imperial Age
31:05 Elite Eagle Warrior
32:29 Ballistics
32:43 Plate Mail Armor
Thanatos
2:58 Loom
12:13 Feudal Age
12:34 Horse Collar
12:40 Double-Bit Axe
19:35 Wheelbarrow
22:35 Castle Age
21:39 Scale Barding Armor
22:13 Bloodlines
28:20 Redemption
Nemo
2:28 Loom
14:20 Feudal Age
22:31 Fletching
27:40 Castle Age
SAVIOR
2:44 Loom
13:25 Feudal Age
14:16 Double-Bit Axe
16:02 Horse Collar
20:34 Castle Age
18:49 Fletching
20:35 Crossbowman
21:43 Bodkin Arrow
Connection lost

Rejoining the realm…

Still unreachable

The connection could not be restored.

Session expired

The server has moved on; the page needs a fresh start.